 Dungeon Crawl Stone Soup version 0.30-a0-723-gc1506a1cf0 (webtiles) character file.

Game seed: 10278932924839374314

352 Darius099 the Ruffian (level 6, 0/58 (59) HPs)
             Began as a Troll Monk on Jan 28, 2023.
             Slain by a killer bee (1 damage)
             ... on level 4 of the Dungeon.
             The game lasted 00:06:09 (2516 turns).

Darius099 the Ruffian (Troll Monk)                  Turns: 2516, Time: 00:06:09

HP:   0/58 (59)     AC:  7    Str: 20    XL:     6   Next: 35%
MP:   5/5           EV: 10    Int:  6    God:
Gold: 154           SH:  0    Dex: 14    Spells: 5/5 levels left

rFire   . . .      SeeInvis .      - Unarmed
rCold   . . .      Faith    .    (no shield)
rNeg    . . .      Spirit   .    t - +2 robe {Will+}
rPois   +          Reflect  .    (helmet restricted)
rElec   .          Harm     .    s - +0 cloak
rCorr   .          Rampage  .    (gloves unavailable)
Will    +....                    (boots unavailable)
Stlth   ++                       (no amulet)
HPRegen 1.09/turn                q - ring of poison resistance
MPRegen 0.09/turn                (no ring)

@: mighty, lethally poisoned (0 -> -2), flying, lightly drained
A: large, unfitting armour, claws 3, regeneration 1, shaggy fur 1, tough skin 1
a: no special abilities


You were on level 4 of the Dungeon.
You visited 1 branch of the dungeon, and saw 4 of its levels.

You collected 154 gold pieces.

Inventory:

Armour
 s - a +0 cloak (worn)
 t - a +2 robe of willpower (worn)
Jewellery
 q - a ring of poison resistance (left claw)
Scrolls
 c - 2 scrolls of enchant armour {unknown}
 d - 2 scrolls of magic mapping {unknown}
 f - a scroll of fog {unknown}
 g - 2 scrolls of enchant weapon {unknown}
 h - 5 scrolls of identify {unknown}
 i - 2 scrolls of immolation {unknown}
 k - 3 scrolls of teleportation {unknown}
 m - a scroll of poison {unknown}
 n - a scroll of amnesia {unknown}
 o - a scroll of vulnerability {unknown}
Potions
 b - a potion of ambrosia
 e - a potion of brilliance {unknown}
 p - a potion of degeneration {unknown}
 r - a potion of resistance {unknown}


   Skills:
 - Level 2.4 Fighting
 - Level 2.4 Dodging
 - Level 1.0 Stealth
 + Level 7.2 Unarmed Combat


You had 5 spell levels left.
You didn't know any spells.
Your spell library contained the following spells:

 Spells                   Type           Power      Damage    Failure   Level
 Apportation              Tloc           0%         N/A       45%         1
 Kiss of Death            Conj/Necr      0%         2d5       45%         1
 Necrotise                Necr           0%         1d4       45%         1
 Shock                    Conj/Air       0%         1d3       45%         1
 Summon Small Mammal      Summ           0%         N/A       45%         1
 Swiftness                Air            0%         N/A       83%         3
 Vampiric Draining        Necr           0%         2d6       83%         3
 Airstrike                Air            0%         2d(0-16)  99%         4
 Agony                    Necr           0%         N/A       100%        5
 Infestation              Necr           0%         N/A       100%        8


Dungeon Overview and Level Annotations

Branches:
Dungeon (4/15)
 Temple: D:4-7

Altars:
Elyvilon

Shops:
D:2 **=?(


Innate Abilities, Weirdness & Mutations

You are too large for most types of armour.
You have claws for hands.
Your natural rate of healing is unusually fast.
You are covered in fur. (AC +1)
You have tough skin. (AC +1)


Message History

The killer bee barely misses you. The killer bee stings you. x2
You are more poisoned.
The killer bee poisons you!
You are too injured to fight recklessly!
You are too injured to fight recklessly!
You are too injured to fight recklessly!
It was a potion of might.
You feel very mighty all of a sudden.
You feel very sick. The killer bee stings you. x2
The killer bee stings you but does no damage.
The killer bee stings you.
* * * LOW HITPOINT WARNING * * *
You closely miss the killer bee.
You feel sick.
The killer bee stings you but does no damage.
The killer bee closely misses you. x2
The killer bee stings you but does no damage.
You barely miss the killer bee.
You feel sick. The killer bee stings you.
* * * LOW HITPOINT WARNING * * *
The killer bee closely misses you.
You claw the killer bee!
The killer bee is severely wounded.
You feel sick. The killer bee misses you. The killer bee closely misses you.
The killer bee stings you.
* * * LOW HITPOINT WARNING * * *
The killer bee barely misses you.
You barely miss the killer bee. Your claw misses the killer bee.
The killer bee is severely wounded.
You feel sick. The killer bee closely misses you.
The killer bee barely misses you. The killer bee stings you!
* * * LOW HITPOINT WARNING * * *
You are lethally poisoned!
The killer bee poisons you! The killer bee closely misses you.
It was a potion of flight.
You feel very buoyant.
You fly up into the air.
* * * LOW HITPOINT WARNING * * *
You feel very sick. The killer bee stings you.
You die...

[..#... #.......
###....... #........
......####
###........##.
##yyh.........
#@yyy.......#
###h.......# #..
#h........#....
#.......###...#
##...........##
#####........### ######
##....###.....
##.#..###.....##......
##......#...).........#


You could see 5 killer bees and 2 jackals.

Vanquished Creatures
  Sigmund (D:2)
  Crazy Yiuf (D:3)
  Terence (D:3)
  A gnoll (D:3)
  5 adders
  A dart slug (D:1)
  6 orcs
  3 bats
  4 endoplasms
  15 giant cockroaches
  7 goblins
  3 hobgoblins
  3 jackals (D:3)
  3 quokkas
  6 ball pythons
  2 frilled lizards
  5 kobolds
  8 rats
75 creatures vanquished.

Notes
Turn   | Place    | Note
-------+----------+-------------------------------------------
     0 | D:1      | Darius099 the Troll Monk began the quest for the Orb.
     0 | D:1      | Reached XP level 1. HP: 22/22 MP: 0/0
   138 | D:1      | Reached XP level 2. HP: 29/29 MP: 1/1
   373 | D:1      | Got the Codex of the Dead
   383 | D:1      | Reached skill level 4 in Unarmed Combat
   834 | D:2      | Found Siorijat's Magic Scroll Shoppe.
   839 | D:2      | Found Enwebiom's Jewellery Boutique.
   892 | D:2      | Reached XP level 3. HP: 35/36 MP: 2/2
   979 | D:2      | Found Amocucvi's General Store.
  1059 | D:2      | Found a white marble altar of Elyvilon.
  1126 | D:2      | Found Qamagh's General Store.
  1132 | D:2      | Found Acwomoto's Weapon Shoppe.
  1132 | D:2      | Noticed Sigmund
  1145 | D:2      | Killed Sigmund
  1146 | D:2      | Reached skill level 6 in Unarmed Combat
  1146 | D:2      | Reached XP level 4. HP: 42/44 MP: 3/3
  1146 | D:2      | Reached XP level 5. HP: 48/50 MP: 4/4
  1748 | D:3      | Reached XP level 6. HP: 59/59 MP: 5/5
  1902 | D:3      | Found a faded altar of an unknown god.
  2011 | D:3      | Found a runed translucent door.
  2012 | D:3      | Noticed Crazy Yiuf
  2101 | D:3      | Noticed Terence
  2112 | D:3      | Killed Terence
  2113 | D:3      | Reached skill level 7 in Unarmed Combat
  2340 | D:3      | Killed Crazy Yiuf
  2516 | D:4      | HP: 1/58 [poisoned by a killer bee]
  2516 | D:4      | Slain by a killer bee

Illustrated notes

Levels and vault maps discovered:
D:1:      onia_arrival_mini_spirals, layout_loops_cross
D:2:      layout_loops_ring, basic_altar, serial_shops, shop,
          nicolae_shop_advertising_works [nicolae_subvault_shop_adworks],
          nicolae_shop_window_shopping, nicolae_square_shop,
          nicolae_diamond_shop, uniq_sigmund
D:3:      minmay_roachtagon, layout_rooms,
          hellmonk_ecumenical_altar_heavens_door,
          minmay_fractal_squares_diagonal_5, uniq_terence,
          uniq_crazy_yiuf_cottage
D:4:      lemuel_castle_with_subvaults [lemuel_castle_interior_carwin_3],
          layout_cave_pools, nicolae_tso_besieged_by_evil

Skill      XL: |  1  2  3  4  5  6 |
---------------+-------------------+-----
Unarmed Combat | 4 6 7 |  7.2
Fighting       | |  2.4
Dodging        | |  2.4
Stealth        | |  1.0

Action                     |  1- 3 |  4- 6 || total
---------------------------+-------+-------++-------
  Melee: Unarmed           |    59 |   105 ||   164
         Punch             |       |     1 ||     1
    Use: Potion            |       |     2 ||     2
   Stab: Sleeping          |     5 |     4 ||     9
 Armour: Robe              |     8 |    38 ||    46
  Dodge: Dodged            |    23 |    81 ||   104

Table legend: (Time is in decaauts)
 A = Elapsed time spent in this place.
 B = Non-inter-level travel time spent in this place.
 C = Inter-level travel time spent in this place.
 D = Time resting spent in this place.
 E = Time spent auto-exploring this place.
 F = Levels seen in this place.
 G = Mean time per level.
                   A        B        C        D        E       F      G
               +--------+--------+--------+--------+--------+-----+--------+
         Total |   2497 |   2355 |    142 |     69 |   1653 |   4 |  624.2 |
       Dungeon |   2497 |   2355 |    142 |     69 |   1653 |   4 |  624.2 |
               +--------+--------+--------+--------+--------+-----+--------+

Top non-repeatable levels by time:
     D:3: 876 daAuts
     D:1: 798 daAuts
     D:2: 769 daAuts
     D:4: 53 daAuts
